 Dungeon Crawl Stone Soup version 0.25-a0-517-gf8b3a32422 (console) character file.

Game seed: 9106309243661529569, levelgen mode: deterministic

27 surprisetrex the Firebug (level 3, -4/28 HPs)
             Began as a Hill Orc Fire Elementalist on Feb 17, 2020.
             Slain by a gnoll
             ... wielding a +0 spear
              (10 damage)
             ... on level 2 of the Dungeon.
             The game lasted 00:04:48 (1079 turns).

surprisetrex the Firebug (HOFE)                     Turns: 1079, Time: 00:04:49

Health: -4/28      AC:  2    Str: 10    XL:     3   Next: 10%
Magic:  4/5        EV: 12    Int: 16    God:
Gold:   17         SH:  0    Dex: 11    Spells: 1/5 levels left

rFire    . . .     SeeInvis .   b - +3 spear
rCold    . . .     Gourm    .   (no shield)
rNeg     . . .     Faith    .   a - +0 robe
rPois    .         Spirit   .   (no helmet)
rElec    .         Reflect  .   (no cloak)
rCorr    .         Harm     .   (no gloves)
MR       .....                  (no boots)
Stlth    ++........             e - amulet of inaccuracy (curse)
HPRegen  0.09/turn              (no ring)
MPRegen  0.09/turn              (no ring)

@: no status effects
A: no striking features
a: no special abilities


You were on level 2 of the Dungeon.
You were not hungry.

You visited 1 branch of the dungeon, and saw 2 of its levels.

You collected 17 gold pieces.

Inventory:

Hand Weapons
 b - a +3 spear (weapon)
Missiles
 g - 46 stones (quivered)
Armour
 a - a +0 robe (worn)
Jewellery
 e - a cursed amulet of inaccuracy (around neck)
Scrolls
 f - a scroll of identify
Comestibles
 c - 3 rations


   Skills:
 + Level 1.6 Fighting
 - Level 1.5 Dodging
 - Level 1.5 Stealth
 - Level 1.5 Spellcasting
 - Level 1.0 Conjurations
 * Level 4.2 Fire Magic


You had one spell level left.
You knew the following spells:

 Your Spells              Type           Power        Failure   Level  Hunger
a - Foxfire               Conj/Fire      #...         8%          1    ##.....
b - Conjure Flame         Conj/Fire      #.......     22%         3    ####...

Your spell library contained the following spells:

 Spells                   Type           Power        Failure   Level  Hunger
 Inner Flame              Hex/Fire       #.......     26%         3    ####...
 Sticky Flame             Conj/Fire      #.......     58%         4    #####..
 Fireball                 Conj/Fire      #.........   90%         5    ######.


Dungeon Overview and Level Annotations

Branches:
Dungeon (2/15)

Altars:


Message History

Press: ? - help, Dir - move target cursor, f/p - gnoll
Aim: a gnoll, wielding a +0 spear (severely wounded)
You reach to attack!
You closely miss the gnoll.
The gnoll is severely wounded.
The gnoll hits you from afar with a +0 spear.
* * * LOW HITPOINT WARNING * * *
You are too injured to fight recklessly!
Attack whom?
Press: ? - help, Dir - move target cursor, f/p - gnoll
Aim: a gnoll, wielding a +0 spear (severely wounded)
You reach to attack!
You closely miss the gnoll.
The gnoll is severely wounded.
The gnoll hits you from afar with a +0 spear!
* * * LOW HITPOINT WARNING * * *
You see here a bat skeleton.
Things that are here:
a +0 club; a kobold corpse
There is a stone staircase leading up here.
The gnoll hits you from afar with a +0 spear!
You die... ################### #.@.g....)......... ###################

You could see a gnoll.

Vanquished Creatures
  2 leopard geckos (D:1)
  4 bats
  3 giant cockroaches (D:1)
  3 goblins (D:1)
  3 hobgoblins (D:1)
  A frilled lizard (D:1)
  5 kobolds
  2 rats (D:1)
23 creatures vanquished.

Vanquished Creatures (others)
  15 foxfires (D:1)
15 creatures vanquished.

Grand Total: 38 creatures vanquished

Notes
Turn   | Place    | Note
-------+----------+-------------------------------------------
     0 | D:1      | surprisetrex the Hill Orc Fire Elementalist began the quest
                  | for the Orb.
     0 | D:1      | Reached XP level 1. HP: 14/14 MP: 3/3
    67 | D:1      | Reached skill level 1 in Fighting
    67 | D:1      | Reached XP level 2. HP: 11/23 MP: 0/4
   444 | D:1      | Reached skill level 4 in Fire Magic
   798 | D:1      | Reached XP level 3. HP: 26/28 MP: 5/5
   976 | D:1      | Learned a level 3 spell: Conjure Flame
  1079 | D:2      | Slain by a gnoll

Levels and vault maps discovered:
D:1:      dpeg_arrival_round_c, layout_basic
D:2:      layout_basic, chequers_ecumenical_altar_island

Skill      XL: |  1  2 |
---------------+-------+-----
Fighting       | 1 |  1.6
Fire Magic     | 4 |  4.2
Dodging        | |  1.5
Stealth        | |  1.5
Spellcasting   | |  1.5
Conjurations   | |  1.0

Action                   || total
-------------------------++-------
Melee: Spear             ||    47
Throw: Stone             ||    13
 Cast: Foxfire           ||    10
       Conjure Flame     ||     1
  Use: Scroll            ||     2
 Stab: Sleeping          ||     4
  Eat: Chunk             ||     1
Armor: Robe              ||    10
Dodge: Dodged            ||    22

Table legend:
 A = Non-vault XP
 B = Vault XP
 C = Vault XP percentage of total XP
 D = Non-vault monster count
 E = Vault monster count
 F = Vault count percentage of total count
                 A         B        C        D         E       F
            +---------+---------+-------+---------+---------+-------
      Total |      39 |       0 |   0.0 |      23 |       0 |   0.0
            +---------+---------+-------+---------+---------+-------
        D:1 |      36 |       0 |   0.0 |      21 |       0 |   0.0
        D:2 |       3 |       0 |   0.0 |       2 |       0 |   0.0
            +---------+---------+-------+---------+---------+-------
